 Dungeon Crawl Stone Soup version 0.29.0-4-gdea44cf6ec (webtiles) character file.

Game seed: 5500131616611902466

38 qw the Chopper (level 3, 0/21 HPs)
             Began as a Tengu Warper on Aug 28, 2022.
             Succumbed to their own poison gas
             ... on level 1 of the Dungeon.
             The game lasted 00:00:10 (1369 turns).

qw the Chopper (Tengu Warper)                       Turns: 1369, Time: 00:00:10

Health: 0/21       AC:  5    Str: 13    XL:     3   Next: 43%
Magic:  6/7        EV: 11    Int: 13    God:
Gold:   20         SH:  0    Dex: 13    Spells: 6/6 levels left

rFire   . . .      SeeInvis .   Y - +1 hand axe
rCold   . . .      Faith    .   (no shield)
rNeg    . . .      Spirit   +   l - +0 ring mail
rPois   .          Reflect  .   (helmet restricted)
rElec   .          Harm     .   (no cloak)
rCorr   .          Rampage  .   (no gloves)
Will    .....                   (boots unavailable)
Stlth   +.........              k - amulet of guardian spirit
HPRegen 0.07/turn               (no ring)
MPRegen 0.10/turn               (no ring)

@: lethally poisoned (0 -> -2)
A: beak, talons 3
a: no special abilities


You were on level 1 of the Dungeon.
You visited 1 branch of the dungeon, and saw 1 of its levels.

You collected 20 gold pieces.


Innate Abilities, Weirdness & Mutations

You have a beak for a mouth.
You have claws for feet.


   Skills:
 - Level 2.0 Fighting
 + Level 4.1 Axes
 - Level 1.0 Throwing
 - Level 1.1 Armour
 - Level 2.1 Dodging
 - Level 2.0 Spellcasting
 - Level 2.4 Translocations


You had 6 spell levels left.
You didn't know any spells.
Your spell library contained the following spells:

 Spells                   Type           Power      Damage    Failure   Level
 Blink                    Tloc           14%        N/A       30%         2
 Gell's Gravitas          Tloc           7%         N/A       52%         3
 Lesser Beckoning         Tloc           7%         N/A       52%         3
 Teleport Other           Tloc           7%         N/A       52%         3
 Manifold Assault         Tloc           7%         N/A       99%         5

Inventory:

Hand Weapons
 i - a +0 whip
 Y - a +1 hand axe (weapon)
Missiles
 j - 3 javelins (quivered)
Armour
 l - a +0 ring mail (worn)
Jewellery
 k - an amulet of guardian spirit (around neck)
Scrolls
 a - a scroll of identify
Potions
 g - a potion of cancellation

Dungeon Overview and Level Annotations

Branches:
Dungeon (1/15)

Altars:


Message History

As you read the scroll labelled VEIPSURUNT, it crumbles to dust.
It is a scroll of amnesia.
You feel forgetful for a moment.
Done exploring.
1358 ||| READING scroll labelled ODGHERGHUEMM.
The air fills with toxic fumes!
As you read the scroll labelled ODGHERGHUEMM, it crumbles to dust.
It was a scroll of poison.
Done exploring.
1359 ||| DRINKING 2 sapphire potions.
It was a potion of cancellation.
You feel magically purged.
Done exploring.
1360 ||| DROPPING scroll of blinking.
You drop a scroll of blinking.
Done exploring.
(D) Dungeon
Where to? (* - list waypoints, ? - help)
What level of the Dungeon? (default 1, ? - help) Sorry, I don't know how to get there.
Done exploring.
1361 ||| Stepping randomly (stuck).
Really walk into that cloud of poison gas?
You are engulfed in poison gas.
You are poisoned.
You feel very sick.
1362 ||| Stepping ~*~*~tactically~*~*~ (cloud).
You feel very sick.
Things that are here:
a scroll of blinking; a ring of wizardry; a +0 leather armour
There is a lethal amount of poison in your body!
You feel very sick.
There is a lethal amount of poison in your body!
You feel sick.
There is a lethal amount of poison in your body!
You feel sick.
There is a lethal amount of poison in your body!
You feel sick.
There is a lethal amount of poison in your body!
You feel sick.
There is a lethal amount of poison in your body!
You feel sick.
There is a lethal amount of poison in your body!
You die...

#..........># #.#.#######.
#...........### #......# ##
#.............# #.)....#####
#.#########.#.###...........
#.###~##~##...#...0.........
#.##~P0¤P~#######¤¤..######.
#.#~P8PP8P~##.¤.0¤¤.....# #.
#.##.P00P0###¤¤¤¤.0.....# #.
#....¤¤0000@00¤000......# #.
#.##.7...~##¤0.0.0¤..(..###.
#.#~787.8P~###¤0.#####......
#.##~7~~P~###..#### #......
#>.##~##~###..#...# #......
#...########.##...# #......
#.#..........##...# #......
######.#############...####).....
.......# #...'.........


There were no monsters in sight!

Vanquished Creatures
  A dart slug (D:1)
  2 ball pythons (D:1)
  5 bats (D:1)
  An endoplasm (D:1)
  A giant cockroach (D:1)
  8 goblins (D:1)
  4 hobgoblins (D:1)
  A quokka (D:1)
  4 kobolds (D:1)
  3 rats (D:1)
30 creatures vanquished.

Vanquished Creatures (others)
  4 toadstools (D:1)
4 creatures vanquished.

Grand Total: 34 creatures vanquished

Notes
Turn   | Place    | Note
-------+----------+-------------------------------------------
     0 | D:1      | qw the Tengu Warper began the quest for the Orb.
     0 | D:1      | Reached XP level 1. HP: 12/12 MP: 4/4
     0 | D:1      | 0 ||| qw: Version: 0.1-a-89-g26bdef1
     0 | D:1      | 0 ||| qw: Game counter: 1890
     0 | D:1      | 0 ||| qw: Always use a shield: true
     0 | D:1      | 0 ||| qw: God list: Okawaru
     0 | D:1      | 0 ||| qw: Allow faded altars: false
     0 | D:1      | 0 ||| qw: Do Orc after D:15 true
     0 | D:1      | 0 ||| qw: Do second Lair branch before Depths: true
     0 | D:1      | 0 ||| qw: Lair rune preference: random
     0 | D:1      | 0 ||| qw: Plans: Normal
     0 | D:1      | 0 ||| PLANNING D:1-11
    73 | D:1      | 73 ||| Stepping ~*~*~tactically~*~*~ (stealth).
    82 | D:1      | 82 ||| Stepping ~*~*~tactically~*~*~ (stealth).
    83 | D:1      | 83 ||| Stepping ~*~*~tactically~*~*~ (stealth).
    85 | D:1      | 85 ||| Stepping ~*~*~tactically~*~*~ (stealth).
   145 | D:1      | Reached XP level 2. HP: 15/17 MP: 6/6
   151 | D:1      | 151 ||| Stepping ~*~*~tactically~*~*~ (stealth).
   153 | D:1      | 153 ||| Stepping ~*~*~tactically~*~*~ (stealth).
   154 | D:1      | 154 ||| Stepping ~*~*~tactically~*~*~ (stealth).
   176 | D:1      | 176 ||| Stepping ~*~*~tactically~*~*~ (stealth).
   179 | D:1      | Reached skill level 3 in Axes
   484 | D:1      | 484 ||| Stepping ~*~*~tactically~*~*~ (stealth).
   485 | D:1      | 485 ||| Stepping ~*~*~tactically~*~*~ (stealth).
   535 | D:1      | 535 ||| DROPPING +0 club.
   584 | D:1      | 584 ||| Stepping ~*~*~tactically~*~*~ (stealth).
   593 | D:1      | 593 ||| Stepping ~*~*~tactically~*~*~ (stealth).
   595 | D:1      | 595 ||| Stepping ~*~*~tactically~*~*~ (stealth).
   608 | D:1      | 608 ||| Stepping ~*~*~tactically~*~*~ (stealth).
   609 | D:1      | 609 ||| Stepping ~*~*~tactically~*~*~ (stealth).
   618 | D:1      | 618 ||| Stepping ~*~*~tactically~*~*~ (stealth).
   619 | D:1      | 619 ||| Stepping ~*~*~tactically~*~*~ (stealth).
   656 | D:1      | Reached XP level 3. HP: 17/21 MP: 7/7
   790 | D:1      | 790 ||| Stepping ~*~*~tactically~*~*~ (stealth).
   906 | D:1      | Reached skill level 4 in Axes
  1000 | D:1      | 1000 ||| Stepping ~*~*~tactically~*~*~ (hiding).
  1001 | D:1      | 1001 ||| Stepping ~*~*~tactically~*~*~ (hiding).
  1338 | D:1      | 1338 ||| UPGRADING to +0 ring mail.
  1348 | D:1      | 1348 ||| DROPPING +0 leather armour.
  1349 | D:1      | 1349 ||| UPGRADING to amulet of guardian spirit.
  1354 | D:1      | 1354 ||| DROPPING ring of wizardry.
  1355 | D:1      | 1355 ||| READING 2 scrolls labelled CAULIB VORU.
  1356 | D:1      | 1356 ||| READING scroll labelled BAATTI ILUDA.
  1357 | D:1      | 1357 ||| READING scroll labelled VEIPSURUNT.
  1358 | D:1      | 1358 ||| READING scroll labelled ODGHERGHUEMM.
  1359 | D:1      | 1359 ||| DRINKING 2 sapphire potions.
  1360 | D:1      | 1360 ||| DROPPING scroll of blinking.
  1361 | D:1      | 1361 ||| Stepping randomly (stuck).
  1362 | D:1      | 1362 ||| Stepping ~*~*~tactically~*~*~ (cloud).
  1364 | D:1      | HP: 5/21 [poisoned by you (poison gas)]
  1366 | D:1      | HP: 2/21 [poisoned by you (poison gas)]
  1369 | D:1      | Succumbed to their own poison gas

Levels and vault maps discovered:
D:1:      ldierk_walled_garden_2, layout_basic, minmay_misc_feat_secret_circle,
          minmay_ruptured

Skill      XL: |  1  2  3 |
---------------+----------+-----
Axes           | 3 4 |  4.1
Fighting       | |  2.0
Throwing       | |  1.0
Armour         | |  1.1
Dodging        | |  2.1
Spellcasting   | |  2.0
Translocations | |  2.4

Action                   || total
-------------------------++-------
Melee: Hand axe          ||    60
       Kick              ||    10
       Peck              ||     7
Throw: Boomerang         ||     7
       Javelin           ||    15
  Use: Scroll            ||     4
       Potion            ||     1
Armor: Leather armour    ||    15
Dodge: Dodged            ||    43

Table legend:
 A = Non-vault XP
 B = Vault XP
 C = Vault XP percentage of total XP
 D = Non-vault monster count
 E = Vault monster count
 F = Vault count percentage of total count
                 A         B        C        D         E       F
            +---------+---------+-------+---------+---------+-------
      Total |      50 |       5 |   9.1 |      26 |       4 |  13.3
            +---------+---------+-------+---------+---------+-------
        D:1 |      50 |       5 |   9.1 |      26 |       4 |  13.3
            +---------+---------+-------+---------+---------+-------
